 Dungeon Crawl Stone Soup version 0.28-a0-1190-g77e1c55843 (webtiles) character file.

Game seed: 11820529071383354128

41 fragbeetle the Insei (level 3, -1/26 HPs)
             Began as a Merfolk Transmuter on Dec 18, 2021.
             Slain by Natasha (7 damage)
             ... on level 2 of the Dungeon.
             The game lasted 00:02:46 (1812 turns).

fragbeetle the Insei (Merfolk Transmuter)           Turns: 1812, Time: 00:02:47

Health: -1/26      AC:  3    Str: 12    XL:     3   Next: 52%
Magic:  6/6        EV: 13    Int: 12    God:
Gold:   27         SH:  0    Dex: 14    Spells: 2/6 levels left

rFire   . . .      SeeInvis .     - Unarmed
rCold   . . .      Faith    .   (no shield)
rNeg    . . .      Spirit   .   b - +0 robe
rPois   .          Reflect  .   (helmet currently unavailable)
rElec   .          Harm     .   e - +0 cloak
rCorr   .          Rampage  .   (no gloves)
Will    .....                   (boots currently unavailable)
Stlth   +.........              (no amulet)
HPRegen 0.08/turn               (no ring)
MPRegen 0.10/turn               (no ring)

@: appendages (expiring)
A: horns 2, (nimble swimmer 2), mertail
a: End Transformation


You were on level 2 of the Dungeon.
You had temporarily grown beastly horns.
You visited 1 branch of the dungeon, and saw 2 of its levels.

You collected 27 gold pieces.

Inventory:

Missiles
 g - 15 poisoned darts
Armour
 b - a +0 robe (worn)
 e - a +0 cloak (worn)
Scrolls
 a - a scroll of blinking {unknown}
Potions
 c - 2 potions of haste {unknown}
 d - a potion of magic {unknown}
 f - a potion of curing {unknown}


   Skills:
 - Level 1.1 Fighting
 + Level 3.5 Dodging
 + Level 3.8 Unarmed Combat
 - Level 2.0 Spellcasting
 + Level 3.6 Transmutations
 + Level 0.5 Poison Magic


You had 2 spell levels left.
You knew the following spells:

 Your Spells              Type           Power      Damage    Failure   Level
a - Beastly Appendage     Tmut           18%        N/A       6%          1
b - Spider Form           Tmut/Pois      6%         N/A       34%         3

Your spell library contained the following spells:

 Spells                   Type           Power      Damage    Failure   Level
 Wereblood                Tmut           9%         N/A       10%         2
 Ice Form                 Ice/Tmut       5%         N/A       78%         4


Dungeon Overview and Level Annotations

Branches:
Dungeon (2/15)

Altars:

Annotations:
D:2 Natasha


Innate Abilities, Weirdness & Mutations

You have temporarily grown beastly horns.
((You are quick and stealthy near water. (Stealth+, EV+, Speed+++)))
Your lower body shifts to a powerful aquatic tail in water.


Message History

You hit the frilled lizard but do no damage.
The frilled lizard bites you.
* * * LOW HITPOINT WARNING * * *
You hit the frilled lizard.
You kill the frilled lizard!
The worm closely misses you.
You punch the worm!
The worm is heavily wounded.
The goblin unwields a +0 hunting sling.
The goblin wields a +0 club.
The goblin barely misses you.
You hit the goblin.
The goblin is moderately wounded.
The worm closely misses you. The goblin hits you but does no damage.
You hit the goblin.
You kill the goblin!
You hit the worm but do no damage.
The worm is moderately wounded.
The worm barely misses you.
You barely miss the worm.
The worm is moderately wounded.
Your transformation is almost over.
The worm bites you but does no damage.
You barely miss the worm.
The worm is moderately wounded.
You hit the worm but do no damage. You headbutt the worm.
The worm is heavily wounded.
The worm barely misses you.
You barely miss the worm. You headbutt the worm!
The worm is almost dead.
You hit the worm but do no damage.
The worm is almost dead.
The worm misses you.
Natasha, Servant of Life and Death comes into view.
Natasha hisses angrily.
You hit the worm.
The worm is almost dead.
You hit the worm.
You kill the worm!
You completely miss Natasha. Natasha claws you!
You die...

.... #... #...
. ... ###### ..
.. #@...# ...
#.###h)..#
.l..##.#......#
.....g........+
....##.#..$...#
r #....<...#
##.......#
#...........
#.#.######..


You could see Natasha.

Vanquished Creatures
  An adder (D:2)
  A worm (D:2)
  2 bats (D:1)
  A giant cockroach (D:1)
  3 goblins
  2 hobgoblins (D:1)
  3 quokkas (D:1)
  3 ball pythons
  A frilled lizard (D:2)
  6 kobolds (D:1)
  4 rats (D:1)
27 creatures vanquished.

Notes
Turn   | Place    | Note
-------+----------+-------------------------------------------
     0 | D:1      | fragbeetle the Merfolk Transmuter began the quest for the
                  | Orb.
     0 | D:1      | Reached XP level 1. HP: 15/15 MP: 3/3
   350 | D:1      | Reached XP level 2. HP: 13/21 MP: 3/5
   741 | D:1      | Found a faded altar of an unknown god.
  1512 | D:1      | Reached XP level 3. HP: 26/26 MP: 4/6
  1516 | D:1      | Learned a level 3 spell: Spider Form
  1809 | D:2      | Noticed Natasha
  1812 | D:2      | Slain by Natasha

Illustrated notes

Levels and vault maps discovered:
D:1:      wander_arrival_chamber, layout_loops_corners,
          chequers_ecumenical_altar_simple_redux, patterned_corridor
D:2:      layout_basic, uniq_natasha

Skill      XL: |  1 |
---------------+----+-----
Dodging        | 3 |  3.5
Transmutations | 3 |  3.6
Fighting       | |  1.1
Unarmed Combat | |  3.8
Spellcasting   | |  2.0
Poison Magic   | |  0.5

Action                   || total
-------------------------++-------
Melee: Unarmed           ||    87
       Headbutt          ||    11
       Punch             ||     1
Throw: Dart              ||     2
 Cast: Beastly Appendage ||    22
Armor: Robe              ||    12
Dodge: Dodged            ||    49

Table legend: (Time is in decaauts)
 A = Elapsed time spent in this place.
 B = Non-inter-level travel time spent in this place.
 C = Inter-level travel time spent in this place.
 D = Time resting spent in this place.
 E = Time spent auto-exploring this place.
 F = Levels seen in this place.
 G = Mean time per level.
                   A        B        C        D        E       F      G
               +--------+--------+--------+--------+--------+-----+--------+
         Total |   1806 |   1746 |     60 |      0 |   1449 |   2 |  903.0 |
       Dungeon |   1806 |   1746 |     60 |      0 |   1449 |   2 |  903.0 |
               +--------+--------+--------+--------+--------+-----+--------+

Top non-repeatable levels by time:
     D:1: 1754 daAuts
     D:2: 51 daAuts
